 Dungeon Crawl Stone Soup version 0.29-a0-284-gf9362112df (webtiles) character file.

Game seed: 11440546308658616137

719 dracfodder the Cudgeller (level 7, -10/66 HPs)
             Began as a Gargoyle Berserker on Mar 27, 2022.
             Was a Believer of Trog.
             Mangled by a wight
             ... wielding a +0 flail
              (12 damage)
             ... on level 4 of the Dungeon.
             The game lasted 00:07:59 (3982 turns).

dracfodder the Cudgeller (Gargoyle Berserker)       Turns: 3982, Time: 00:08:00

Health: -10/66     AC: 15    Str: 22    XL:     7   Next: 70%
Magic:  7/7        EV:  8    Int:  8    God:    Trog [**....]
Gold:   107        SH:  0    Dex:  9    Spells: 6/6 levels left

rFire   . . .      SeeInvis .   b - +1 war axe
rCold   . . .      Faith    .   (no shield)
rNeg    + . .      Spirit   .   j - +0 chain mail
rPois   ∞          Reflect  .   h - +0 helmet
rElec   +          Harm     .   (no cloak)
rCorr   +          Rampage  .   (no gloves)
Will    +....                   (no boots)
Stlth   ..........              (no amulet)
HPRegen 0.21/turn               c - ring of resist corrosion
MPRegen 0.10/turn               q - ring of willpower

@: berserking, very quick
A: sickness immunity, AC +4, negative energy resistance 1, electricity
resistance, torment resistance 1, petrification resistance
a: Renounce Religion, Berserk, Trog's Hand


You were on level 4 of the Dungeon.
You worshipped Trog.
Trog was pleased with you.
You visited 1 branch of the dungeon, and saw 4 of its levels.

You collected 107 gold pieces.

Inventory:

Hand Weapons
 a - a +1 mace
 b - a +1 war axe (weapon)
Armour
 h - a +0 helmet (worn)
 j - a +0 chain mail (worn)
Jewellery
 c - a ring of resist corrosion (left hand)
 q - a ring of willpower (right hand)
Scrolls
 f - 3 scrolls of identify
 g - 2 scrolls of teleportation
 n - a scroll of holy word {unknown}
 p - a scroll of enchant armour {unknown}
Potions
 d - a potion of might
 e - a potion of invisibility {unknown}
 i - a potion of degeneration {unknown}
 k - 2 potions of curing {unknown}
 l - a potion of attraction {unknown}
 m - a potion of heal wounds {unknown}
 o - 2 potions of mutation {unknown}


   Skills:
 + Level 4.5 Fighting
 + Level 4.6(5.5) Axes
 + Level 4.8(5.9) Maces & Flails
 + Level 4.0 Armour
 + Level 2.4 Dodging
 + Level 0.7 Stealth


You had 6 spell levels left.
You didn't know any spells.
Your spell library was empty.

Dungeon Overview and Level Annotations

Branches:
Dungeon (4/15)
 Temple: D:4-7

Altars:

Shops:
D:1 *


Innate Abilities, Weirdness & Mutations

You are immune to sickness and miasma.
Your stone body is resilient. (AC +4)
You are immune to poison.
You resist negative energy. (rN+)
You are resistant to electric shocks. (rElec)
You are resistant to unholy torment.
You are immune to petrification.


Message History

You closely miss the wight. The wight closely misses you.
You closely miss the wight. The wight hits you with a +0 flail!
You are too injured to fight recklessly!
You are too injured to fight recklessly!
You are too injured to fight recklessly!
You are too injured to fight recklessly!
You are too injured to fight recklessly!
You are too injured to fight recklessly!
You are too injured to fight recklessly!
You are too injured to fight recklessly!
You are too injured to fight recklessly!
You are too injured to fight recklessly!
You closely miss the wight. The wight hits you but does no damage.
You barely miss the wight. The wight closely misses you.
The wight hits you with a +0 flail.
* * * LOW HITPOINT WARNING * * *
You closely miss the wight. The wight hits you but does no damage.
You completely miss the wight. You punch the wight, but do no damage.
The wight hits you but does no damage.
You barely miss the wight. The wight hits you but does no damage.
You hit the wight but do no damage. The wight hits you with a +0 flail.
* * * LOW HITPOINT WARNING * * *
You hit the wight but do no damage. The wight hits you but does no damage.
The wight hits you with a +0 flail.
* * * LOW HITPOINT WARNING * * *
You barely miss the wight. The wight misses you.
You hit the wight.
The wight is lightly damaged.
The wight hits you with a +0 flail.
* * * LOW HITPOINT WARNING * * *
You barely miss the wight.
The wight is lightly damaged.
The wight hits you but does no damage.
A red film seems to cover your vision as you go berserk!
You feel yourself moving faster!
You feel mighty! The wight hits you but does no damage.
You barely miss the wight.
The wight is lightly damaged.
The wight hits you with a +0 flail!
You die...

##########
####
#......(.#
...#
#.######.#
##.# #.# #.#
#.# #.# #@#
#.# #.# #z#
#.# #.# #.#
##.######.##
#.#
....†....#.#
#.#
#####.###.##
#.# #.# ###
#.# #.# #.#
#.#


You could see a wight.

Vanquished Creatures
  A wyvern (D:4)
  Eustachio (D:4)
  A black bear (D:4)
  A scorpion (D:4)
  2 wights (D:4)
  A hound (D:4)
  2 iguanas (D:4)
  3 adders
  5 dart slugs
  4 orcs (D:3)
  6 endoplasms
  2 giant cockroaches
  4 hobgoblins
  7 kobolds
  A quokka (D:1)
  2 ball pythons (D:2)
  5 bats
  4 frilled lizards
  7 goblins
59 creatures vanquished.

Notes
Turn   | Place    | Note
-------+----------+-------------------------------------------
     0 | D:1      | dracfodder the Gargoyle Berserker began the quest for the
                  | Orb.
     0 | D:1      | Reached XP level 1. HP: 14/14 MP: 1/1
   272 | D:1      | Noticed a golden eye
   273 | D:1      | Found a faded altar of an unknown god.
   278 | D:1      | Noticed a floating eye
   282 | D:1      | Noticed a golden eye
   282 | D:1      | Noticed an eye of devastation
   305 | D:1      | Found Tozovveo's Assorted Antiques.
   347 | D:1      | Reached XP level 2. HP: 19/19 MP: 2/2
   535 | D:1      | HP: 1/28 [frozen (3)]
  1443 | D:2      | Reached XP level 3. HP: 14/23 MP: 3/3
  2179 | D:2      | Reached ** piety under Trog
  2534 | D:3      | Reached XP level 4. HP: 23/29 MP: 4/4
  3005 | D:4      | Noticed a black bear
  3010 | D:4      | Killed a black bear
  3011 | D:4      | Reached XP level 5. HP: 33/33 MP: 5/5
  3565 | D:4      | Noticed an orc warrior
  3568 | D:4      | Noticed Eustachio
  3581 | D:4      | Reached skill level 1 in Axes
  3582 | D:4      | Reached XP level 6. HP: 27/38 MP: 6/6
  3587 | D:4      | Killed Eustachio
  3873 | D:4      | Noticed a wyvern
  3880 | D:4      | Killed a wyvern
  3881 | D:4      | Reached XP level 7. HP: 41/44 MP: 7/7
  3977 | D:4      | HP: 2/44 [wight/+0 flail (5)]
  3982 | D:4      | Mangled by a wight

Illustrated notes

Levels and vault maps discovered:
D:1:      dpeg_arrival_line_fractal, layout_loops_cross,
          hellmonk_ecumenical_altar_watching_god, serial_shops, shop,
          minmay_stone_trees_small, chequers_serial_rivers_micro_d,
          patterned_corridor
D:2:      layout_loops_ring, wad_floor_pattern_2, minmay_tripent
D:3:      layout_basic, serial_corexii_hall, corexii_hall_statues_x,
          corexii_hall_statues_deadend, corexii_hall_statues_u,
          chequers_hall_statues_wall_a
D:4:      layout_loops_ring, due_unseen_surprise, uniq_eustachio

Skill      XL: |  1  2  3  4  5  6  7 |
---------------+----------------------+-----
Dodging        | 2 |  2.4
Maces & Flails | 4 |  4.8
Axes           | 2 3 4 |  4.6
Fighting       | 4 |  4.5
Armour         | 3 4 |  4.0
Stealth        | |  0.7

Action                   |  1- 3 |  4- 6 |  7- 9 || total
-------------------------+-------+-------+-------++-------
Melee: Mace              |   134 |     1 |       ||   135
       Punch             |     3 |     1 |     1 ||     5
       War axe           |       |    62 |    33 ||    95
Invok: Berserk           |     2 |     1 |     1 ||     4
  Use: Scroll            |     6 |     1 |       ||     7
 Stab: Sleeping          |     1 |       |       ||     1
Armor: Animal skin       |    37 |       |       ||    37
       Chain mail        |    37 |    79 |    12 ||   128
Dodge: Dodged            |    91 |    48 |    16 ||   155

Table legend: (Time is in decaauts)
 A = Elapsed time spent in this place.
 B = Non-inter-level travel time spent in this place.
 C = Inter-level travel time spent in this place.
 D = Time resting spent in this place.
 E = Time spent auto-exploring this place.
 F = Levels seen in this place.
 G = Mean time per level.
                   A        B        C        D        E       F      G
               +--------+--------+--------+--------+--------+-----+--------+
         Total |   4072 |   3930 |    142 |    296 |   2961 |   4 | 1018.0 |
       Dungeon |   4072 |   3930 |    142 |    296 |   2961 |   4 | 1018.0 |
               +--------+--------+--------+--------+--------+-----+--------+

Top non-repeatable levels by time:
     D:1: 1388 daAuts
     D:3: 1166 daAuts
     D:2: 1072 daAuts
     D:4: 445 daAuts
